 Dungeon Crawl Stone Soup version 0.22.1-5-g62c59d919a (webtiles) character file.

327687 Forgol the Bludgeoner (level 21, -3/139 HPs)
             Began as a Gargoyle Fighter on Jan 10, 2019.
             Was the Champion of Okawaru.
             Slain by a tentacled starspawn (9 damage)
             ... on level 3 of the Abyss on Jan 11, 2019.
             The game lasted 03:34:55 (38062 turns).

Forgol the Bludgeoner (Gargoyle Fighter)           Turns: 38062, Time: 03:34:56

Health: -3/139     AC: 70    Str: 31    XL:     21   Next: 67%
Magic:  29/29      EV: 12    Int: 24    God:    Okawaru [******]
Gold:   2384       SH:  0    Dex: 22    Spells: 20/20 levels left

rFire    + . .     SeeInvis .   Y - +9 morningstar of Moptazas {crush, +Inv rElec}
rCold    + + +     Gourm    +   c - +1 shield
rNeg     + + .     Faith    .   B - +20 crystal plate armour of Sunlight {rElec rC+++ Dex+4}
rPois    ∞         Spirit   .   g - +1 helmet {Int+3}
rElec    +         Reflect  .   h - scarf {cloud immunity}
rCorr    .         Harm     .   i - +2 pair of gloves of Usujoan {-Tele Regen+ Slay+4 Stlth+}
MR       .....     NoTele   +   w - +1 pair of boots {Stlth+}
Stlth    ..........             y - amulet of Purek {Gourm rF+ MR- Int+3 Dex+6}
HPRegen  0.73/turn              p - ring "Aroa" {Ice rN+ Int+7}
MPRegen  0.21/turn              b - ring "Lead" {+Fly rF+ rC- Str+3 Dex+3}

@: confused, berserk cooldown, hasted and slowed, constricted
A: big wings, negative energy resistance 1, electricity resistance, unbreathing,
petrification resistance, rot immunity, AC +16
}: 2/15 runes: serpentine, barnacled
a: Fly, Heroism, Finesse, Renounce Religion, Evoke Invisibility, Evoke Flight


You were on level 3 of the Abyss.
You worshipped Okawaru.
Okawaru was exalted by your worship.
You were very full.

You visited 8 branches of the dungeon, and saw 37 of its levels.
You visited the Abyss 1 time.
You also visited: Ice Cave.

You collected 3546 gold pieces.
You spent 1162 gold pieces at shops.

Inventory:

Hand Weapons
 D - the cursed +0 glaive of Causality {drain, *Noise rF- Dex+8 Stlth+, unknown}
   (You found it on level 4 of the Shoals)

   A truly terrible weapon, it drains the life of those it strikes.
   It affects your dexterity (+8).
   It makes you vulnerable to fire.
   It may make noises in combat.
   It makes you more stealthy.
   It has a curse placed upon it.
 Y - the +9 morningstar of Moptazas (weapon) {crush, +Inv rElec}
   (Okawaru gifted it to you on level 14 of the Dungeon)

   It inflicts extra damage upon your enemies.
   It insulates you from electricity.
   It lets you turn invisible.
Missiles
 S - 6 javelins of penetration (quivered)
Armour
 c - a +1 shield (worn)
 g - a +1 helmet of intelligence (worn)
 h - a scarf of cloud immunity (worn)
 i - the +2 pair of gloves of Usujoan (worn) {-Tele Regen+ Slay+4 Stlth+}
   (You bought it in a shop on level 11 of the Dungeon)

   It affects your accuracy and damage with ranged weapons and melee attacks
   (+4).
   It prevents most forms of teleportation.
   It increases your rate of regeneration.
   It makes you more stealthy.
 w - a +1 pair of boots of stealth (worn)
 B - the +20 crystal plate armour of Sunlight (worn) {rElec rC+++ Dex+4}
   (Okawaru gifted it to you on level 2 of the Snake Pit)

   It affects your dexterity (+4).
   It renders you almost immune to cold.
   It insulates you from electricity.
 I - the +4 plate armour "Nuilloecw" {rC+ MR+ Dex+4 Stlth-}
   (Okawaru gifted it to you on level 9 of the Dungeon)

   It affects your dexterity (+4).
   It protects you from cold.
   It affects your resistance to hostile enchantments.
   It makes you less stealthy.
Jewellery
 b - the ring "Lead" (right hand) {+Fly rF+ rC- Str+3 Dex+3}
   (You bought it in a shop on level 1 of the Snake Pit)

   [ring of flight]

   It affects your strength (+3).
   It affects your dexterity (+3).
   It protects you from fire.
   It makes you vulnerable to cold.
   It lets you fly.
 d - a +4 ring of dexterity
 e - an uncursed amulet of magic regeneration {unknown}
 j - an uncursed ring of see invisible {unknown}
 p - the ring "Aroa" (left hand) {Ice rN+ Int+7}
   (You found it on level 4 of the Shoals)

   [ring of ice]

   It enhances your ice magic.
   It affects your intelligence (+7).
   It makes you vulnerable to fire.
   It protects you from cold.
   It protects you from negative energy.
 q - an uncursed amulet of faith {unknown}
 y - the amulet of Purek (around neck) {Gourm rF+ MR- Int+3 Dex+6}
   (You found it on level 7 of the Dungeon)

   [amulet of the gourmand]

   It allows you to eat raw meat even when not hungry.
   It affects your intelligence (+3).
   It affects your dexterity (+6).
   It protects you from fire.
   It affects your resistance to hostile enchantments.
 J - an uncursed amulet of rage
 T - a +4 ring of slaying
Wands
 a - a wand of acid (8)
 n - a wand of scattershot (3)
 s - a wand of enslavement (52)
 v - a wand of polymorph (37)
 x - a wand of random effects (64)
 F - a wand of flame (43)
 H - a wand of digging (62)
 L - a wand of disintegration (20)
 P - a wand of clouds (7)
 W - a wand of paralysis (31)
Scrolls
 k - 3 scrolls of blinking
 l - 4 scrolls of fear
 o - 9 scrolls of remove curse
 r - 12 scrolls of teleportation
 t - 5 scrolls of fog
 G - a scroll of magic mapping
 K - 5 scrolls of immolation
 M - a scroll of holy word
 Z - a scroll of torment {unknown}
Potions
 u - 2 potions of heal wounds
 z - 4 potions of resistance
 A - 4 potions of berserk rage
 C - a potion of degeneration {unknown}
 N - a potion of invisibility {unknown}
 O - 8 potions of might
 Q - 2 potions of mutation {unknown}
 R - 4 potions of curing
 U - 6 potions of lignification
 X - a potion of magic {unknown}
Comestibles
 f - 58 rations
 E - 9 chunks of flesh


   Skills:
 + Level 17.3 Fighting
 + Level 17.5 Maces & Flails
 + Level 17.1 Armour
 - Level 11.7 Dodging
 + Level 9.6 Stealth
 + Level 15.8 Shields
 - Level 9.0 Invocations
 - Level 11.3 Evocations


You had 20 spell levels left.
You didn't know any spells.
Your spell library contained the following spells:

 Spells                   Type           Power        Failure   Level  Hunger
 Animate Skeleton         Necr           N/A          87%         1    ##.....
 Apportation              Tloc           #.....       87%         1    ##.....
 Beastly Appendage        Tmut           #.....       87%         1    ##.....
 Corona                   Hex            #......      87%         1    ##.....
 Freeze                   Ice            #...         87%         1    ##.....
 Infusion                 Chrm           #...         87%         1    ##.....
 Pain                     Necr           #...         87%         1    ##.....
 Shock                    Conj/Air       #...         87%         1    ##.....
 Sting                    Conj/Pois      #...         87%         1    ##.....
 Summon Butterflies       Summ           #.......     87%         1    ##.....
 Corpse Rot               Necr           N/A          95%         2    ###....
 Ensorcelled Hibernation  Hex/Ice        #.....       95%         2    ###....
 Poisonous Vapours        Pois/Air       #.....       95%         2    ###....
 Shroud of Golubria       Chrm/Tloc      #.........   95%         2    ###....
 Slow                     Hex            #.......     95%         2    ###....
 Song of Slaying          Chrm           #.......     95%         2    ###....
 Sticks to Snakes         Tmut           #.......     95%         2    ###....
 Swiftness                Chrm/Air       #.......     95%         2    ###....
 Throw Frost              Conj/Ice       #.....       95%         2    ###....
 Confuse                  Hex            #.......     99%         3    ####...
 Conjure Flame            Conj/Fire      #.......     99%         3    ####...
 Dazzling Spray           Conj/Hex       #.....       99%         3    ####...
 Ignite Poison            Fire/Tmut/Pois #.......     99%         3    ####...
 Inner Flame              Hex/Fire       #.......     99%         3    ####...
 Lesser Beckoning         Tloc           #.........   99%         3    ####...
 Mephitic Cloud           Conj/Pois/Air  #.......     99%         3    ####...
 Portal Projectile        Hex/Tloc       #.....       99%         3    ####...
 Regeneration             Chrm/Necr      #.........   99%         3    ####...
 Spectral Weapon          Hex/Chrm       #.......     99%         3    ####...
 Spider Form              Tmut/Pois      #.........   99%         3    ####...
 Static Discharge         Conj/Air       #.......     99%         3    ####...
 Stone Arrow              Conj/Erth      #.....       99%         3    ####...
 Tukima's Dance           Hex            #.......     99%         3    ####...
 Vampiric Draining        Necr           #.........   99%         3    ####...
 Airstrike                Air            #.........   100%        4    #####..
 Animate Dead             Necr           N/A          100%        4    #####..
 Cause Fear               Hex            #.........   100%        4    #####..
 Ice Form                 Ice/Tmut       #.......     100%        4    #####..
 Leda's Liquefaction      Hex/Erth       #.........   100%        4    #####..
 Olgreb's Toxic Radiance  Pois           #.......     100%        4    #####..
 Petrify                  Tmut/Erth      #.......     100%        4    #####..
 Alistair's Intoxication  Tmut/Pois      #.......     100%        5    ######.
 Blade Hands              Tmut           #.........   100%        5    ######.
 Irradiate                Conj/Tmut      #.........   100%        5    ######.
 Lightning Bolt           Conj/Air       #.........   100%        5    ######.
 Silence                  Hex/Air        #.........   100%        5    ######.
 Summon Forest            Summ/Tloc      #.........   100%        5    ######.
 Venom Bolt               Conj/Pois      #.........   100%        5    ######.
 Yara's Violent Unravell  Hex/Tmut       #.........   100%        5    ######.
 Bolt of Cold             Conj/Ice       #.........   100%        6    #######
 Deflect Missiles         Chrm/Air       #.........   100%        6    #######
 Hydra Form               Tmut           #.........   100%        6    #######
 Invisibility             Hex            #.......     100%        6    #######
 Simulacrum               Ice/Necr       #.........   100%        6    #######
 Summon Hydra             Summ           #.........   100%        7    #######
 Discord                  Hex            #.........   100%        8    #######
 Tornado                  Air            #.........   100%        9    #######
 Sublimation of Blood     Necr           Unusable     N/A         2    N/A

Dungeon Overview and Level Annotations

Branches:
Dungeon (15/15)            Temple (1/1) D:4            Lair (6/6) D:8
 Shoals (4/4) Lair:2        Snake (4/4) Lair:2        Slime (0/5) Lair:5
    Orc (2/2) D:9             Elf (3/3) Orc:2        Vaults (2/5) D:14
  Crypt (0/3) Vaults:2
 Depths: D:15

Altars:
Ashenzari
Cheibriados
Dithmenos
Elyvilon
Fedhas
Gozag
Hepliaklqana
Kikubaaqudgha
Makhleb
Nemelex Xobeh
Okawaru
Qazlal
Ru
Sif Muna
Trog
Uskayaw
Vehumet
Wu Jian
Xom
Yredelemnul
Zin
The Shining One
Beogh

Shops:
D:9 ((   D:11 [   Orc:1 ![*%   Orc:2 ([=[   Elf:1 **   Elf:2 *   Shoals:2 ?
Shoals:4 ?:?   Snake:1 =   Snake:4 (

Portals:
Trove: D:10 (lose all piety)

Annotations:
Shoals:1 exclusion: Roxanne, Roxanne


Innate Abilities, Weirdness & Mutations

You are resistant to torment.
Your stone body is resilient. (AC +16)
You are immune to poison.
Your large and strong wings let you fly indefinitely.
You resist negative energy. (rN+)
You are resistant to electric shocks. (rElec)
You can survive without breathing.
You are immune to petrification.
You are immune to rotting.


Message History

Something claws you but does no damage.
You bump into the stone wall.
Something bites you but does no damage.
Something engulfs you but does no damage.
The large abomination hits you but does no damage.
The golden eye blinks!
Something bites you but does no damage. Something claws you but does no damage.
The starspawn tentacle constricts you. The golden eye blinks at you.
You easily resist.
Something bites you.
* * * LOW HITPOINT WARNING * * *
Something engulfs you but does no damage.
You miss something.
The large abomination barely misses you.
Something bites you but does no damage. Something claws you but does no damage.
The smoke demon gestures at you. Something smites you!
* * * LOW HITPOINT WARNING * * *
The neqoxec gestures at you.
Something tries to feed on your intellect!
The starspawn tentacle constricts you. Something bites you!
You die...

# . . .#.
.#. . .
....... .
..... .....
... .. .
..... . # .
... .... #
.─ 3..§. .
#. ##G # #[
. . . #. .
#{#{## . .
# . #@XX.#
. #
.#w{...#
#3w..#....#
#.. .....#!
.
#3.##....+
. . .
##..## ..
.. #..# ..
# ...G .. .
.


You could see 2 large abominations, a smoke demon, a neqoxec, 2 starspawn
tentacles and 2 golden eyes.

Vanquished Creatures
  Nikola (Snake:3)
  2 deep elf blademasters
  The ghost of mys the Severer, an adept MiAK of Lugonu (Shoals:4)
  2 tentacled starspawn (Abyss:3)
  11 nagarajas
  4 vault wardens
  An orc warlord (Orc:1)
  A deep elf sorcerer (Elf:3)
  6 large abominations
  4 ironheart preservers
  2 angels (Elf:2)
  3 very ugly things (Vaults:2)
  A deep elf elementalist (Elf:3)
  A stone giant (Vaults:2)
  A deep elf demonologist (Vaults:2)
  5 deep elf annihilators (Elf:3)
  A crystal guardian (Abyss:3)
  4 merfolk javelineers (Shoals:4)
  An ettin (Vaults:2)
  7 deep elf death magi
  8 merfolk impalers
  A great orb of eyes (Vaults:2)
  4 yaktaur captains
  A jiangshi (Vaults:2)
  4 fire dragons
  3 vault guards
  An ice dragon (Vaults:2)
  A spectral kraken (Shoals:4)
  12 hydras
  16 naga warriors
  5 merfolk aquamancers
  12 anacondas
  An alligator snapping turtle (Shoals:2)
  Erica (Lair:1)
  27 two-headed ogres
  7 centaur warriors
  7 ogre magi
  27 dancing weapons
  A satyr (Shoals:4)
  2 death knights
  14 naga sharpshooters
  A deep troll earth mage (Vaults:2)
  3 vampire magi (Vaults:2)
  8 shock serpents
  28 deep elf knights
  Nergalle (Lair:3)
  A thrashing horror (Abyss:3)
  A wretched star (Abyss:3)
  A salamander mystic (Snake:4)
  A hell knight (Abyss:3)
  20 sea snakes
  5 unseen horrors
  A death drake (Abyss:3)
  3 spatial maelstroms (Abyss:3)
  A wizard (Vaults:1)
  17 deep elf archers
  6 naga ritualists
  A flayed ghost (Vaults:2)
  2 ironbrand convokers (Vaults:1)
  A kraken simulacrum (Shoals:4)
  2 lindwurms (Lair:6)
  A phantasmal warrior (D:12)
  6 orc knights
  2 wolf spider zombies (D:13)
  A necromancer (Vaults:2)
  10 harpies
  72 deep elf magi
  12 mana vipers
  4 orc sorcerers
  3 wolf spiders
  5 cyclopes
  8 fauns
  19 ugly things
  13 manticores
  8 salamanders
  A guardian serpent (shapeshifter) (Elf:1)
  39 black mambas
  An elephant (shapeshifter) (Vaults:1)
  7 vault sentinels
  17 naga magi
  5 elephants (Lair:6)
  10 merfolk sirens
  2 smoke demons (Abyss:3)
  5 guardian serpents
  An apocalypse crab (Abyss:3)
  An iron dragon skeleton (Abyss:3)
  5 water nymphs
  2 molten gargoyles (Lair:6)
  Joseph (D:9)
  An ice statue (IceCv)
  9 spiny frogs
  2 kobold demonologists
  A rime drake (Lair:6)
  A gargoyle (D:12)
  A rime drake (shapeshifter) (D:14)
  An anaconda simulacrum (IceCv)
  An efreet (D:12)
  10 starcursed masses (Abyss:3)
  A redback zombie (D:13)
  4 freezing wraiths
  A golden dragon simulacrum (IceCv)
  13 komodo dragons
  9 yaktaurs (Vaults:1)
  8 trolls
  An ancient zyme (Abyss:3)
  A merfolk (shapeshifter) (Elf:1)
  A shadow dragon simulacrum (Abyss:3)
  A meliai (shapeshifter) (Vaults:2)
  3 meliai (D:14)
  39 merfolk
  A queen bee (D:14)
  A wolf spider simulacrum (D:12)
  2 polar bears (D:9)
  Prince Ribbit (Lair:1)
  6 wind drakes
  13 blink frogs
  13 raiju (Abyss:3)
  10 snapping turtles
  6 dream sheep
  8 hippogriffs
  A hippogriff (shapeshifter) (Vaults:1)
  11 slime creatures
  A tarantella (shapeshifter) (D:14)
  7 air elementals
  A spriggan (D:7)
  28 yaks
  8 wyverns
  2 wraiths
  Sigmund (D:2)
  A hog (shapeshifter) (Vaults:1)
  9 water elementals
  A dire elephant simulacrum (IceCv)
  3 ynoxinuls (Abyss:3)
  4 basilisks
  2 fire bats (Abyss:3)
  A chaos spawn (Abyss:3)
  A neqoxec (Abyss:3)
  A golden eye (shapeshifter) (Vaults:2)
  3 golden eyes (Abyss:3)
  4 hungry ghosts
  3 fire elementals
  2 steam dragons (Lair:6)
  5 vampire mosquitoes
  6 wargs
  Edmund (D:5)
  A warg (shapeshifter) (D:14)
  4 acid dragons
  63 nagas
  A spatial vortex (Abyss:3)
  A harpy simulacrum (IceCv)
  2 soldier ants (D:13)
  Menkaure (D:4)
  2 iron troll simulacra (IceCv)
  2 hydra simulacra (IceCv)
  Duvessa (D:7)
  4 hell hounds (Lair:6)
  9 water moccasins
  3 sky beasts
  28 orc warriors
  2 porcupines
  A hornet zombie (D:14)
  8 ice beasts
  A phantom (D:10)
  2 necrophages
  3 black bears
  37 ogres
  An ettin simulacrum (IceCv)
  4 wolves (D:9)
  31 centaurs
  7 small abominations (Abyss:3)
  10 crocodiles
  3 big kobolds
  Blork the orc (D:5)
  15 bullfrogs
  An earth elemental (Elf:2)
  Dowan (D:7)
  A wyvern skeleton (D:11)
  A water moccasin skeleton (D:7)
  6 scorpions
  37 killer bees
  An elephant simulacrum (IceCv)
  A human simulacrum (Vaults:1)
  4 wights (D:11)
  2 howler monkeys
  4 vampire bats
  12 electric eels
  12 crimson imps
  3 bullfrog zombies
  A quasit (Abyss:3)
  7 centaur zombies
  6 hounds
  4 lava snakes (Lair:6)
  3 draconian simulacra (IceCv)
  6 centaur skeletons
  2 jellies (Lair:5)
  14 orc priests
  2 bullfrog skeletons
  3 iguanas
  Natasha (twice) (D:2)
  16 orc wizards
  18 worker ants
  2 polar bear simulacra (IceCv)
  3 troll simulacra (IceCv)
  2 centaur simulacra
  A hound zombie (D:2)
  A hound skeleton (D:10)
  4 worker ant zombies
  6 gnolls
  3 howler monkey skeletons
  3 naga simulacra (IceCv)
  2 ogre simulacra (IceCv)
  A river rat (D:5)
  19 adders
  6 shadow imps
  11 white imps
  6 ufetubi
  4 adder zombies
  An adder skeleton (D:8)
  4 worms
  An adder simulacrum (D:9)
  5 leopard geckos
  94 orcs
  6 giant cockroaches
  9 goblins
  7 hobgoblins
  9 jackals
  7 quokkas
  4 ball pythons
  17 bats
  3 frilled lizards
  A jackal zombie (D:5)
  12 kobolds
  A leopard gecko zombie (D:6)
  A quokka zombie (D:9)
  6 rats
  A butterfly (Abyss:3)
  2 crawling corpses (Vaults:2)
  A fungus (Lair:3)
  2 plants
  A starspawn tentacle (Abyss:3)
  3 tentacles (Shoals:4)
1546 creatures vanquished.

Vanquished Creatures (others)
  2 deep elf knights
  2 deep elf magi (Elf:2)
  An ogre (Vaults:1)
  2 orc wizards
  A white imp (IceCv)
  2 ufetubi (IceCv)
  4 fungi
  19 plants
  14 starspawn tentacles (Abyss:3)
  5 tentacles (Shoals:4)
52 creatures vanquished.

Grand Total: 1598 creatures vanquished

Notes
Turn   | Place    | Note
-------+----------+-------------------------------------------
     0 | D:1      | Forgol the Gargoyle Fighter began the quest for the Orb.
     0 | D:1      | Reached XP level 1. HP: 14/14 MP: 1/1
   210 | D:1      | Reached XP level 2. HP: 18/19 MP: 2/2
   535 | D:1      | Reached XP level 3. HP: 24/24 MP: 3/3
  1196 | D:2      | Reached XP level 4. HP: 27/29 MP: 4/4
  1276 | D:2      | Noticed Sigmund
  1507 | D:2      | Noticed Natasha
  1528 | D:2      | Killed Natasha
  1684 | D:2      | Reached XP level 5. HP: 29/33 MP: 5/5
  1799 | D:2      | Noticed Natasha
  1840 | D:2      | Killed Sigmund
  1840 | D:2      | Reached skill level 5 in Maces & Flails
  1840 | D:2      | Reached XP level 6. HP: 23/38 MP: 6/6
  2124 | D:2      | Killed Natasha
  2623 | D:3      | Reached XP level 7. HP: 24/44 MP: 7/7
  2837 | D:3      | Found a sacrificial altar of Ru.
  3064 | D:3      | Found a sparkling altar of Nemelex Xobeh.
  3278 | D:4      | Noticed Menkaure
  3569 | D:4      | Found a staircase to the Ecumenical Temple.
  3582 | Temple   | Entered the Ecumenical Temple
  3832 | Temple   | Became a worshipper of Warmaster Okawaru
  4267 | D:4      | Reached skill level 5 in Fighting
  4372 | D:4      | Killed Menkaure
  4372 | D:4      | Reached XP level 8. HP: 49/49 MP: 8/8
  4611 | D:5      | Entered Level 5 of the Dungeon
  4678 | D:5      | Reached skill level 5 in Armour
  4678 | D:5      | Reached skill level 5 in Shields
  4684 | D:5      | Noticed Blork the orc
  4695 | D:5      | Killed Blork the orc
  4872 | D:5      | Noticed Edmund
  4900 | D:5      | Killed Edmund
  4946 | D:5      | Reached * piety under Okawaru
  5608 | D:5      | Reached skill level 1 in Invocations
  5734 | D:5      | Reached XP level 9. HP: 38/55 MP: 8/10
  6037 | D:6      | Reached ** piety under Okawaru
  6037 | D:6      | Reached skill level 5 in Invocations
  7345 | D:7      | Noticed a two-headed ogre
  7357 | D:7      | Killed a two-headed ogre
  7357 | D:7      | Reached *** piety under Okawaru
  7357 | D:7      | Reached XP level 10. HP: 47/63 MP: 12/14
  7579 | D:7      | Killed an unseen horror
  7579 | D:7      | Reached **** piety under Okawaru
  7735 | D:7      | Noticed a five-headed hydra
  7759 | D:7      | Killed a five-headed hydra
  7770 | D:7      | Got an ancient lead amulet
  7954 | D:7      | Noticed Duvessa
  7954 | D:7      | Noticed Dowan
  7968 | D:7      | Killed Duvessa
  7981 | D:7      | Killed Dowan
  8071 | D:7      | Reached skill level 10 in Maces & Flails
  8330 | D:7      | Reached ***** piety under Okawaru
  8599 | D:8      | Reached XP level 11. HP: 57/68 MP: 13/15
  8665 | D:8      | Found a staircase to the Lair.
  8754 | D:8      | Found a transporter.
  8870 | D:8      | Found a transporter.
  9117 | D:8      | Identified the amulet of Purek {Gourm rF+ MR- Int+3 Dex+6}
                  | (You found it on level 7 of the Dungeon)
  9720 | D:9      | Found a staircase to the Orcish Mines.
  9721 | D:9      | Noticed Joseph
  9755 | D:9      | Killed Joseph
  9914 | D:9      | Found Imiacubb's Weapon Shop.
  9964 | D:9      | Received a gift from Okawaru
  9970 | D:9      | Got a translucent plate armour {god gift}
  9999 | D:9      | Identified the +4 plate armour "Nuilloecw" {rC+ MR+ Dex+4
                  | Stlth-} (Okawaru gifted it to you on level 9 of the
                  | Dungeon)
 10205 | D:9      | Found Zaggics's Weapon Shop.
 10453 | D:10     | Entered Level 10 of the Dungeon
 10497 | D:10     | Noticed a two-headed ogre
 10519 | D:10     | Killed a two-headed ogre
 10519 | D:10     | Reached skill level 10 in Armour
 10804 | D:10     | Killed an unseen horror
 10826 | D:10     | Found a portal to a secret trove of treasure.
 11065 | D:10     | Found a bloodstained altar of Trog.
 11250 | D:11     | Noticed a six-headed hydra
 11261 | D:11     | Killed a six-headed hydra
 11261 | D:11     | Reached XP level 12. HP: 52/75 MP: 8/16
 11534 | D:11     | Found a roughly hewn altar of Beogh.
 12036 | D:11     | Found Nagedeho's Antique Armour Emporium.
 12043 | D:11     | Bought a pair of steaming gloves for 285 gold pieces
 12054 | D:11     | Identified the +2 pair of gloves of Usujoan {-Tele Regen+
                  | Slay+4 Stlth+} (You bought it in a shop on level 11 of the
                  | Dungeon)
 12234 | Lair:1   | Entered Level 1 of the Lair of Beasts
 12455 | Lair:1   | Reached skill level 10 in Fighting
 12558 | Lair:1   | Reached skill level 1 in Dodging
 12712 | Lair:1   | Noticed Erica
 12741 | Lair:1   | Killed Erica
 13107 | Lair:2   | Noticed a five-headed hydra
 13126 | Lair:2   | Killed a five-headed hydra
 13279 | Lair:2   | Found a staircase to the Snake Pit.
 13397 | Lair:2   | Reached skill level 5 in Dodging
 13631 | Lair:2   | Found a staircase to the Shoals.
 14124 | Lair:3   | Noticed Nergalle
 14135 | Lair:3   | Killed Nergalle
 14261 | Lair:3   | Reached XP level 13. HP: 77/82 MP: 17/17
 14363 | Lair:3   | Received a gift from Okawaru
 14829 | Lair:4   | Found a blossoming altar of Fedhas.
 14965 | Lair:4   | Got a dazzling ring mail
 15536 | Lair:5   | Found a staircase to the Slime Pits.
 16061 | Lair:5   | Reached ****** piety under Okawaru
 16283 | Lair:6   | Entered Level 6 of the Lair of Beasts
 16307 | Lair:6   | Reached skill level 10 in Shields
 16882 | Lair:6   | Received a gift from Okawaru
 17058 | Lair:6   | Noticed a fire dragon
 17075 | Lair:6   | Gained mutation: Your large and strong wings let you fly
                  | indefinitely. [Gargoyle growth]
 17075 | Lair:6   | Reached XP level 14. HP: 90/90 MP: 18/18
 17108 | Lair:6   | Found a large runed door.
 17109 | Lair:6   | Found a large runed door.
 18099 | Orc:1    | Entered Level 1 of the Orcish Mines
 18103 | Orc:1    | Found Jeac Tuo's Food Shop.
 18136 | Orc:1    | Found Tyidilan's General Store.
 18235 | Orc:1    | Paralysed by an orc sorcerer for 7 turns
 18366 | Orc:1    | Found Punappih's Antique Armour Shoppe.
 18367 | Orc:1    | Found Suwnazoph's Distillery.
 18505 | Orc:2    | Entered Level 2 of the Orcish Mines
 18545 | Orc:2    | Found a staircase to the Elven Halls.
 18615 | Orc:2    | Noticed an orc warlord
 18667 | Orc:1    | Killed an orc warlord
 18667 | Orc:1    | Received a gift from Okawaru
 18820 | Orc:1    | Identified the +5 ring mail of the Villain {rF- rC+ Str+5
                  | SInv} (You found it on level 4 of the Lair of Beasts)
 18891 | Orc:1    | Bought a pair of embroidered boots for 210 gold pieces
 19159 | Orc:2    | Received a gift from Okawaru
 19174 | Orc:2    | Reached XP level 15. HP: 53/96 MP: 12/19
 19227 | Orc:2    | Found Erghol's Antique Armour Shop.
 19227 | Orc:2    | Found Xaitt's Antique Armour Shoppe.
 19274 | Orc:2    | Found Rekhakag's Jewellery Shop.
 19274 | Orc:2    | Found Misibiod's Weapon Emporium.
 19775 | Lair:1   | Noticed Prince Ribbit
 19786 | Lair:1   | Killed Prince Ribbit
 19842 | Snake:1  | Entered Level 1 of the Snake Pit
 20286 | D:12     | Reached skill level 15 in Maces & Flails
 20372 | D:12     | Got a twisted great mace
 21214 | D:13     | Found a white marble altar of Elyvilon.
 21568 | D:14     | Received a gift from Okawaru
 21585 | D:14     | Got an ancient morningstar {god gift}
 21586 | D:14     | Identified the +9 morningstar of Moptazas {crush, +Inv
                  | rElec} (Okawaru gifted it to you on level 14 of the
                  | Dungeon)
 21600 | D:14     | Reached skill level 1 in Evocations
 22182 | D:14     | Found a gate to the Vaults.
 22198 | D:14     | Reached skill level 5 in Evocations
 22767 | Snake:1  | Received a gift from Okawaru
 22862 | Snake:1  | Found Gieh's Jewellery Shop.
 22873 | Snake:1  | Bought the ring "Lead" {+Fly rF+ rC- Str+3 Dex+3} for 667
                  | gold pieces
 23027 | Snake:1  | Reached XP level 16. HP: 92/103 MP: 19/21
 23827 | Snake:2  | Received a gift from Okawaru
 23869 | Snake:2  | Got a warped crystal plate armour {god gift}
 23879 | Snake:2  | Identified the +20 crystal plate armour of Sunlight {rElec
                  | rC+++ Dex+4} (Okawaru gifted it to you on level 2 of the
                  | Snake Pit)
 24142 | Snake:2  | Reached skill level 10 in Evocations
 24217 | Snake:2  | Noticed a nagaraja
 24222 | Snake:2  | Killed a nagaraja
 24976 | Snake:3  | Noticed a nagaraja
 24987 | Snake:3  | Killed a nagaraja
 25008 | Snake:3  | Noticed a nagaraja
 25023 | Snake:3  | Killed a nagaraja
 25065 | Snake:3  | Noticed Nikola
 25087 | Snake:3  | Killed Nikola
 25087 | Snake:3  | Received a gift from Okawaru
 25122 | Snake:3  | Reached XP level 17. HP: 108/108 MP: 24/24
 25134 | Snake:3  | Reached skill level 10 in Dodging
 25492 | Snake:4  | Entered Level 4 of the Snake Pit
 25505 | Snake:4  | Received a gift from Okawaru
 25556 | Snake:4  | Found Kees's Weapon Shop.
 26122 | Snake:4  | Received a gift from Okawaru
 26171 | Snake:4  | Got a serpentine rune of Zot
 26772 | Shoals:1 | Entered Level 1 of the Shoals
 26796 | Shoals:1 | Noticed Roxanne
 26829 | Shoals:1 | Reached XP level 18. HP: 117/117 MP: 25/25
 27730 | Shoals:2 | Found Lumpakeu's Magic Scroll Emporium.
 27837 | Shoals:2 | Found a frozen archway.
 27912 | IceCv    | Entered an ice cave
 28190 | IceCv    | Reached skill level 15 in Armour
 29108 | Shoals:3 | Received a gift from Okawaru
 29123 | Shoals:3 | Reached skill level 15 in Fighting
 29247 | Shoals:3 | Received a gift from Okawaru
 29875 | Shoals:4 | Entered Level 4 of the Shoals
 29918 | Shoals:4 | Identified the Grimoire of the Inquisitive Tales
 30066 | Shoals:4 | Identified the +8 great mace of Liogrit {elec, Fragile MP+9
                  | SInv Stlth+} (You found it on level 12 of the Dungeon)
 30232 | Shoals:4 | Found Yngeum's Book Boutique.
 30326 | Shoals:4 | Found Xodop's Magic Scroll Shop.
 30364 | Shoals:4 | Found a runed gate.
 30399 | Shoals:4 | Found a runed gate.
 30407 | Shoals:4 | Found a runed gate.
 30408 | Shoals:4 | Noticed mys's ghost (adept MiAK)
 30440 | Shoals:4 | Killed mys's ghost
 30440 | Shoals:4 | Received a gift from Okawaru
 30462 | Shoals:4 | Got a flickering iron ring
 30466 | Shoals:4 | Identified the ring "Aroa" {Ice rN+ Int+7} (You found it on
                  | level 4 of the Shoals)
 30511 | Shoals:4 | Found Nexziss's Magic Scroll Boutique.
 30625 | Shoals:4 | Got a twisted glaive
 30652 | Shoals:4 | Reached XP level 19. HP: 106/124 MP: 20/27
 30672 | Shoals:4 | Got a barnacled rune of Zot
 30711 | Shoals:4 | Reached skill level 1 in Stealth
 31062 | Vaults:1 | Entered Level 1 of the Vaults
 31291 | Vaults:1 | Received a gift from Okawaru
 31882 | Vaults:1 | Identified Jidelo's Papyrus of the Flamy Birds
 33557 | Vaults:2 | Received a gift from Okawaru
 33573 | Vaults:2 | Reached XP level 20. HP: 82/131 MP: 26/28
 33719 | Vaults:2 | Found Bopeh's Antique Weapon Shop.
 33802 | Vaults:2 | Found a staircase to the Crypt.
 34143 | Vaults:2 | Paralysed by an ogre mage for 5 turns
 34278 | D:15     | Entered Level 15 of the Dungeon
 34464 | Elf:1    | Entered Level 1 of the Elven Halls
 34465 | Elf:1    | Found Woklaroe's Assorted Antiques.
 34498 | Elf:1    | Reached skill level 5 in Stealth
 34555 | Elf:1    | Found Tijelatz's Tempting Trifles.
 35643 | Elf:2    | Received a gift from Okawaru
 35738 | Elf:2    | Found Noazommo's General Store.
 35900 | Elf:2    | Found a runed gate.
 35900 | Elf:2    | Found a runed gate.
 35905 | Elf:2    | Found a runed gate.
 35948 | Elf:2    | Reached skill level 15 in Shields
 35996 | Elf:2    | Found a glowing golden altar of the Shining One.
 35996 | Elf:2    | Found a glowing silver altar of Zin.
 35997 | Elf:2    | Found a ruined gateway.
 35998 | Elf:2    | Found a white marble altar of Elyvilon.
 36586 | Elf:2    | Reached XP level 21. HP: 138/138 MP: 29/29
 36670 | Elf:2    | Received a gift from Okawaru
 36894 | Elf:3    | Entered Level 3 of the Elven Halls
 37127 | Elf:3    | Found a runed door.
 37501 | Elf:3    | Cast into level 3 of the Abyss (a deep elf sorcerer)
 37527 | Abyss:3  | Found a corrupted altar of Lugonu.
 37755 | Abyss:3  | Received a gift from Okawaru
 37960 | Abyss:3  | Received a gift from Okawaru
 38051 | Abyss:3  | Paralysed by something for 5 turns
 38055 | Abyss:3  | HP: 3/139 [something (4)]
 38062 | Abyss:3  | HP: 6/139 [smoke demon/divine providence (7)]
 38062 | Abyss:3  | Slain by a tentacled starspawn

Skill      XL: |  1  2  3  4  5  6  7  8  9 10 11 12 13 14 15 16 17 18 19 20 21 |
---------------+----------------------------------------------------------------+-----
Maces & Flails | 3 4 5 6 7 9 10 11 13 14 15 16 17 | 17.5
Fighting       | 4 5 6 7 8 10 11 12 14 15 16 17 | 17.3
Armour         | 4 5 6 8 11 12 13 14 15 16 17 | 17.1
Shields        | 4 5 6 8 9 10 11 12 13 14 15 | 15.8
Invocations    | 1 6 9 |  9.0
Dodging        | 5 6 9 10 11 | 11.7
Evocations     | 6 10 11 | 11.3
Stealth        | 4 7 9 |  9.6

Action                   |  1- 3 |  4- 6 |  7- 9 | 10-12 | 13-15 | 16-18 | 19-21 || total
-------------------------+-------+-------+-------+-------+-------+-------+-------++-------
Melee: Flail             |   158 |   204 |   576 |   867 |  1148 |       |       ||  2953
       Morningstar       |       |       |       |       |   215 |  1318 |  1659 ||  3192
Throw: Tomahawk          |       |       |     9 |       |       |     2 |       ||    11
Invok: Heroism           |       |       |     3 |    19 |    15 |    11 |    23 ||    71
       Finesse           |       |       |       |     4 |     7 |     6 |    14 ||    31
 Abil: Evoke Invisibilit |       |       |       |       |       |     1 |       ||     1
       Fly               |       |       |       |       |       |     3 |       ||     3
       Stop Flying       |       |       |       |       |       |     2 |     1 ||     3
  Use: Scroll            |     1 |     1 |    11 |     9 |    15 |     7 |     5 ||    49
       Potion            |       |     2 |     2 |       |     3 |       |    10 ||    17
 Stab: Sleeping          |       |       |       |       |       |       |     1 ||     1
  Eat: Chunk             |     1 |     5 |    16 |    35 |    37 |    29 |    25 ||   148
Armor: Scale mail        |   141 |   149 |   446 |   138 |       |       |       ||   874
       Chain mail        |       |       |     2 |    39 |       |       |       ||    41
       Plate armour      |       |       |       |   245 |   545 |    53 |       ||   843
       Crystal plate arm |       |       |       |       |       |   658 |   831 ||  1489
Dodge: Dodged            |    63 |    79 |   268 |   230 |   407 |   512 |   617 ||  2176
Block: Shield            |   118 |   156 |   351 |   485 |   883 |  1029 |  1010 ||  4032
